 Dungeon Crawl Stone Soup version 0.30.0-18-gc0e69614cb (webtiles) character file.

Game seed: 16428730258081571764

3565 Cheops the Covert (level 9, 0/66 HPs)
             Began as an Armataur Earth Elementalist on May 24, 2023.
             Was a Believer of Uskayaw.
             Slain by a killer bee (1 damage)
             ... on level 9 of the Dungeon.
             The game lasted 00:40:06 (14065 turns).

Cheops the Covert (Armataur Earth Elementalist)    Turns: 14065, Time: 00:40:07

Health: 0/66       AC:  7    Str: 14    XL:     9   Next: 84%
Magic:  10/14      EV:  9    Int: 23    God:    Uskayaw [**....]
Gold:   610        SH:  0    Dex: 13    Spells: 5/15 levels left

rFire   . . .        a - +2 dagger (venom)
rCold   . . .        (no shield)
rNeg    . . .        i - +0 robe
rPois   .            r - +0 helmet
rElec   .            q - +0 cloak
rCorr   .            s - +0 pair of gloves
SInv    .            (no barding)
Will    .....        (no amulet)
Stlth   +++++        m - +6 ring of intelligence
HPRegen 0.31/turn    N - ring of flight
MPRegen 0.14/turn

%: roll
@: lethally poisoned (0 -> -14), flying, very slightly contaminated
A: large, rugged brown scales 3, deformed body, armoured tail, roll, long
tongue, awkward tongue
a: Renounce Religion, Stomp, Line Pass


You were on level 9 of the Dungeon.
You worshipped Uskayaw.
Uskayaw was noncommittal.
You visited 1 branch of the dungeon, and saw 9 of its levels.
You also visited: Sewer and Ossuary.

You collected 680 gold pieces.
You spent 70 gold pieces at shops.

Inventory:

Hand Weapons
 a - a +2 dagger of venom (weapon)
 k - a +0 dagger
 D - a +0 short sword of draining
 H - a +2 falchion of freezing
 I - a +4 scimitar
Missiles
 P - 2 throwing nets
Armour
 i - a +0 robe (worn)
 q - a +0 cloak (worn)
 r - a +0 helmet (worn)
 s - a +0 pair of gloves (worn)
 O - a +0 buckler
 V - a +2 leather armour of cold resistance
Magical Staves
 Q - a staff of cold
Jewellery
 m - a +6 ring of intelligence (left hand)
 N - a ring of flight (right hand)
 R - a ring of ice
Wands
 f - a wand of polymorph (6)
 F - a wand of iceblast (9)
 K - a wand of charming (15)
Scrolls
 e - a scroll of butterflies
 g - 4 scrolls of immolation {unknown}
 h - a scroll of vulnerability
 l - 11 scrolls of teleportation
 o - 8 scrolls of poison
 p - 3 scrolls of magic mapping
 w - 2 scrolls of fear
 y - a scroll of silence
 C - a scroll of enchant armour
 E - a scroll of amnesia {unknown}
 G - 2 scrolls of blinking {unknown}
 M - a scroll of fog {unknown}
 S - a scroll of noise {unknown}
 T - a scroll of torment {unknown}
 U - 2 scrolls of identify
Potions
 b - 5 potions of magic
 c - 6 potions of invisibility
 d - 4 potions of curing
 j - 3 potions of resistance {unknown}
 n - 4 potions of attraction {unknown}
 t - a potion of might {unknown}
 u - 3 potions of cancellation {unknown}
 v - 3 potions of mutation
 x - 3 potions of flight {unknown}
 z - a potion of haste
 A - a potion of ambrosia {unknown}
 B - a potion of heal wounds {unknown}
 J - a potion of berserk rage {unknown}
 L - a potion of degeneration


   Skills:
 - Level 3.0 Short Blades
 - Level 1.3 Dodging
 + Level 11.2 Stealth
 * Level 3.7 Spellcasting
 - Level 5.0 Conjurations
 - Level 4.0 Transmutations
 - Level 5.0 Earth Magic
 - Level 3.2 Invocations


You had 5 spell levels left.
You knew the following spells:

 Your Spells              Type           Power      Damage    Failure   Level
a - Sandblast             Erth           54%        2d13      1%          1
b - Stone Arrow           Conj/Erth      54%        3d10      4%          3
p - Petrify               Tmut/Erth      25%        N/A       17%         4
P - Passwall              Tmut/Erth      20%        N/A       2%          2

Your spell library contained the following spells:

 Spells                   Type           Power      Damage    Failure   Level
 Magic Dart               Conj           100%       1d8       1%          1
 Static Discharge         Conj/Air       30%        2-4/arc   6%          2
 Slow                     Hex            16%        N/A       11%         1
 Summon Small Mammal      Summ           16%        N/A       11%         1
 Call Imp                 Summ           8%         N/A       16%         2
 Scorch                   Fire           8%         2d5       16%         2
 Mephitic Cloud           Conj/Pois/Air  11%        N/A       16%         3
 Call Canine Familiar     Summ           4%         N/A       32%         3
 Summon Guardian Golem    Hex/Summ       4%         N/A       32%         3
 Flame Wave               Conj/Fire      15%        2d7       36%         4
 Airstrike                Air            2%         2d(1-17)  71%         4
 Summon Lightning Spire   Summ/Air       4%         N/A       71%         4
 Borgnjor's Vile Clutch   Necr/Erth      7%         N/A       71%         5
 Alistair's Intoxication  Tmut/Pois      8%         N/A       78%         5
 Eringya's Noxious Bog    Tmut/Pois      6%         N/A       100%        6
 Summon Cactus Giant      Summ           2%         N/A       100%        6


Dungeon Overview and Level Annotations

Branches:
Dungeon (9/15)             Temple (0/1) D:5           Sewer (visited)
Ossuary (visited)
   Lair: D:8-11         Orc: D:9-12

Altars:
Gozag
Okawaru
Trog
Uskayaw
Xom
The Shining One

Shops:
D:7 *

Portals:
Bailey: D:9


Innate Abilities, Weirdness & Mutations

You are completely covered in rugged brown scales. (AC +3, +7% HP)
Armour fits poorly on your strangely shaped body.
You have a long armoured tail.
You roll when moving toward enemies. (Rampage)
Your long tongue fully drains potion bottles. (2x potion effects)
Your tongue gives you trouble enunciating. (1.5x scroll delay)


Message History

* * * LOW HITPOINT WARNING * * *
You are more poisoned.
The killer bee poisons you!
The killer bee stings you but does no damage.
The killer bee stings you.
* * * LOW HITPOINT WARNING * * *
You are lethally poisoned!
The killer bee poisons you! The killer bee closely misses you.
The killer bee stings you but does no damage.
Casting: Sandblast (safe; 1% risk of failure)
Confirm with . or Enter, or press ? or * to list all spells.
Aiming: Sandblast (safe; 1% risk of failure)
Press: ? - help, Shift-Dir - straight line, f/p - killer bee
Aim: a killer bee (almost dead, 65% to hit)
The blast of sand hits the killer bee!
You kill the killer bee!
* * * LOW HITPOINT WARNING * * *
You feel extremely sick. The killer bee stings you.
* * * LOW HITPOINT WARNING * * *
The killer bee stings you but does no damage.
The killer bee stings you.
* * * LOW HITPOINT WARNING * * *
The killer bee stings you.
* * * LOW HITPOINT WARNING * * *
The killer bee stings you but does no damage.
The killer bee stings you.
* * * LOW HITPOINT WARNING * * *
You can now pass through a line of other dancers.
Casting: Sandblast (safe; 1% risk of failure)
Confirm with . or Enter, or press ? or * to list all spells.
Aiming: Sandblast (safe; 1% risk of failure)
Press: ? - help, Shift-Dir - straight line, f - killer bee
Aim: a killer bee (65% to hit)
The blast of sand hits the killer bee!
The killer bee is almost dead.
* * * LOW HITPOINT WARNING * * *
You feel extremely sick. The killer bee completely misses you.
The killer bee stings you.
You die...

##### # ..#.# ##
#.#.# ##+########.
#.#.####........##.
#.#y#y##.'........##.
#..†@.'..#........'..
#.###.####........##.
...# #......>.###
##### ###+######


You could see 2 killer bees.

Vanquished Creatures
  A water moccasin (D:9)
  2 sky beasts (D:7)
  3 black bears
  An ice beast (D:3)
  An ogre (D:7)
  A centaur (D:8)
  A phantom (D:7)
  3 kobold brigands
  3 elf zombies (Ossuary)
  7 bullfrogs
  A gnoll sergeant (D:8)
  3 scorpions
  3 wights (D:6)
  A killer bee (D:9)
  2 electric eels (D:8)
  3 howler monkeys (D:3)
  Crazy Yiuf (D:2)
  4 hounds
  An orc priest (D:6)
  3 gnoll boudas
  2 sleepcaps (D:7)
  2 jellies
  An iguana (D:6)
  4 orc wizards
  4 mummies (Ossuary)
  Robin (D:2)
  25 gnolls
  10 adders
  2 river rats
  A shadow imp (D:5)
  2 white imps
  An ufetubus (D:5)
  2 adder zombies (Ossuary)
  2 worms
  6 dart slugs
  37 orcs
  12 endoplasms
  7 giant cockroaches
  12 goblins
  7 hobgoblins
  14 jackals
  28 kobolds
  10 ball pythons
  4 bats
  3 frilled lizards
  2 goblin zombies (Ossuary)
  A hobgoblin zombie (Ossuary)
  2 orc zombies (Ossuary)
  20 rats
  2 rat zombies (Ossuary)
271 creatures vanquished.

Notes
Turn   | Place    | Note
-------+----------+-------------------------------------------
     0 | D:1      | Cheops the Armataur Earth Elementalist began the quest for
                  | the Orb.
     0 | D:1      | Reached XP level 1. HP: 14/14 MP: 3/3
   299 | D:1      | Reached XP level 2. HP: 21/21 MP: 0/4
  1194 | D:2      | Reached XP level 3. HP: 27/27 MP: 2/5
  1549 | D:2      | Noticed Robin
  1595 | D:2      | Killed Robin
  1596 | D:2      | Reached skill level 3 in Stealth
  1709 | D:2      | Reached XP level 4. HP: 35/35 MP: 4/6
  1850 | D:2      | Found a faded altar of an unknown god.
  1859 | D:2      | Got Plato's Quarto of Malediction
  2501 | D:2      | Found a runed translucent door.
  2502 | D:2      | Noticed Crazy Yiuf
  2510 | D:2      | Killed Crazy Yiuf
  2703 | D:2      | Learned a level 2 spell: Passwall
  2707 | D:2      | Learned a level 3 spell: Stone Arrow
  2789 | D:3      | Noticed a scorpion
  2795 | D:3      | Killed a scorpion
  2796 | D:3      | Reached skill level 4 in Stealth
  2796 | D:3      | Reached XP level 5. HP: 40/40 MP: 4/9
  2901 | D:3      | Found a glowing drain.
  2916 | Sewer    | Entered a sewer
  2990 | Sewer    | Learned a level 4 spell: Petrify
  3136 | Sewer    | Reached skill level 1 in Short Blades
  3136 | Sewer    | Reached XP level 6. HP: 31/48 MP: 1/10
  3408 | Sewer    | Reached skill level 5 in Stealth
  4069 | D:3      | Noticed an ice beast
  4074 | D:3      | Killed an ice beast
  4193 | D:3      | Reached skill level 1 in Transmutations
  4343 | D:3      | Reached XP level 7. HP: 53/53 MP: 7/11
  4425 | D:3      | Found a faded altar of an unknown god.
  4425 | D:3      | Found a glowing golden altar of the Shining One.
  4430 | D:3      | Found an opulent altar of Gozag.
  4432 | D:3      | Found a hide-covered altar of Uskayaw.
  4433 | D:3      | Found an iron altar of Okawaru.
  4437 | D:3      | Became a worshipper of Uskayaw the Reveller
  4645 | D:3      | Reached * piety under Uskayaw
  4676 | D:3      | Reached skill level 6 in Stealth
  4676 | D:3      | Reached ** piety under Uskayaw
  4680 | D:3      | Reached *** piety under Uskayaw
  4684 | D:3      | Reached **** piety under Uskayaw
  5348 | D:3      | Reached ***** piety under Uskayaw
  5686 | D:3      | Found a faded altar of an unknown god.
  5686 | D:3      | Found a glowing golden altar of the Shining One.
  5694 | D:3      | Found an opulent altar of Gozag.
  5696 | D:3      | Found an iron altar of Okawaru.
  5698 | D:3      | Found a hide-covered altar of Uskayaw.
  6316 | D:3      | Reached skill level 7 in Stealth
  6549 | D:3      | Reached XP level 8. HP: 57/60 MP: 3/12
  6662 | D:3      | Reached skill level 1 in Conjurations
  7167 | D:3      | Found a faded altar of an unknown god.
  7167 | D:3      | Found a glowing golden altar of the Shining One.
  7175 | D:3      | Found an opulent altar of Gozag.
  7177 | D:3      | Found an iron altar of Okawaru.
  7179 | D:3      | Found a hide-covered altar of Uskayaw.
  7688 | D:4      | Found a sand-covered staircase.
  7721 | Ossuary  | Entered an ossuary
  8618 | D:5      | Entered Level 5 of the Dungeon
  8750 | D:5      | Reached skill level 8 in Stealth
  9010 | D:5      | Found a staircase to the Ecumenical Temple.
  9947 | D:6      | Reached skill level 9 in Stealth
  9947 | D:6      | Reached skill level 1 in Invocations
 10458 | D:6      | Reached XP level 9. HP: 66/66 MP: 13/13
 11617 | D:7      | Found a shimmering altar of Xom.
 11800 | D:7      | Found a bloodstained altar of Trog.
 11812 | D:7      | Found Areama's General Store.
 11818 | D:7      | Bought a potion of degeneration for 14 gold pieces
 11818 | D:7      | Bought a scroll of poison for 56 gold pieces
 11856 | D:7      | Reached skill level 5 in Earth Magic
 12163 | D:7      | Reached skill level 10 in Stealth
 12667 | D:8      | Found a transporter.
 12669 | D:8      | Found a transporter.
 12675 | D:8      | Found a transporter.
 12681 | D:8      | Found a transporter.
 13027 | D:8      | Found a transporter.
 13028 | D:8      | Found a transporter.
 13182 | D:8      | Reached skill level 5 in Conjurations
 13452 | D:8      | Reached skill level 11 in Stealth
 13948 | D:9      | Found a flagged portal.
 14065 | D:9      | HP: 1/66 [poisoned by a killer bee]
 14065 | D:9      | Slain by a killer bee

Illustrated notes

Levels and vault maps discovered:
D:1:      dpeg_arrival_boxorama, layout_basic, minmay_misc_feat_alley
D:2:      layout_basic, shapermc_ecumenical_altar_rom_forum,
          minmay_stone_trees_small, uniq_robin, uniq_crazy_yiuf_cottage
D:3:      lemuel_castle_with_subvaults [lemuel_castle_interior_original],
          layout_rooms, chequers_temple_overflow_minitemple,
          gup_sewer_entry_spiral
D:4:      layout_rooms, enter_ossuary_1
D:5:      layout_loops_ring, temple_hall
D:6:      layout_basic
D:7:      layout_basic, mainiacjoe_overflow_chevrons, lemuel_round_altar,
          serial_shops, shop, minmay_fractal_squares_gapless_5
D:8:      layout_loops_cross, kennysheep_donut, serial_nicolae_subway,
          nicolae_sub_station_stone, nicolae_sub_station_crystal,
          nicolae_sub_station_metal
D:9:      layout_roguey, due_lair_maze_entry_diamond, enter_bailey_5,
          serial_shops, nicolae_shop_rolling_square, hangedman_ranch,
          uniq_maurice, uniq_prince_ribbit1

Skill      XL: |  1  2  3  4  5  6  7  8  9 |
---------------+----------------------------+-----
Earth Magic    | 3 4 5 |  5.0
Stealth        | 3 4 5 7 9 11 | 11.2
Spellcasting   | 2 3 |  3.7
Short Blades   | 1 3 |  3.0
Transmutations | 1 4 |  4.0
Conjurations   | 4 5 |  5.0
Invocations    | 2 3 |  3.2
Dodging        | |  1.3

Action                     |  1- 3 |  4- 6 |  7- 9 || total
---------------------------+-------+-------+-------++-------
  Melee: Dagger            |     7 |    15 |    53 ||    75
         Tailslap          |       |     1 |     5 ||     6
   Cast: Sandblast         |    50 |   123 |   209 ||   382
         Stone Arrow       |       |     2 |    80 ||    82
  Evoke: Wand              |       |       |    13 ||    13
    Use: Scroll            |       |     5 |     8 ||    13
         Potion            |       |       |     4 ||     4
   Stab: Sleeping          |       |     4 |     2 ||     6
         Paralysed         |       |       |    10 ||    10
 Armour: Robe              |    13 |    30 |    78 ||   121
         Skin              |       |       |   109 ||   109
  Dodge: Dodged            |     9 |    29 |    80 ||   118
